 Dungeon Crawl Stone Soup version 0.28-a0-1143-gcf6077d4cc (webtiles) character file.

Game seed: 3204952286608346097

5098 browni3141 the Carver (level 10, -7/73 HPs)
             Began as a Formicid Fighter on Dec 14, 2021.
             Was a Believer of Okawaru.
             Mangled by a tentacled starspawn (11 damage)
             ... on level 1 of the Abyss.
             The game lasted 00:24:12 (15376 turns).

browni3141 the Carver (Formicid Fighter)           Turns: 15376, Time: 00:24:13

Health: -7/73      AC:  8    Str: 25    XL:     10   Next: 87%
Magic:  13/13      EV: 11    Int:  8    God:    Okawaru [**....]
Gold:   502        SH:  5    Dex: 10    Spells: 9/9 levels left

rFire   . . .      SeeInvis +   a - +3 long sword (freeze)
rCold   . . .      Faith    .   c - +0 buckler
rNeg    . . .      Spirit   .   g - +0 acid dragon scales
rPois   .          Reflect  .   (helmet unavailable)
rElec   .          Harm     .   d - +0 cloak
rCorr   +          Rampage  .   (no gloves)
Will    +....                   (no boots)
Stlth   +.........              (no amulet)
HPRegen 0.22/turn               (no ring)
MPRegen 0.13/turn               (no ring)

@: no status effects
A: permanent stasis, dig shafts and tunnels, antennae 3, four strong arms
a: Dig, Shaft Self, Renounce Religion, Heroism


You were on level 1 of the Abyss.
You worshipped Okawaru.
Okawaru was pleased with you.
You visited 2 branches of the dungeon, and saw 10 of its levels.
You visited the Abyss 1 time.

You collected 502 gold pieces.

Inventory:

Hand Weapons
 a - a +3 long sword of freezing (weapon)
 I - a +0 long sword
Missiles
 v - 3 poisoned darts
 C - a throwing net (quivered)
 J - 19 bolts
Armour
 b - a +0 scale mail
 c - a +0 buckler (worn)
 d - a +0 cloak (worn)
 g - +0 acid dragon scales (worn)
 A - a +0 chain mail
 D - a +0 plate armour
 K - a +0 cloak
Jewellery
 h - a ring of ice
 p - an amulet of faith
Wands
 n - a wand of flame (7)
 q - a wand of charming (1)
 x - a wand of iceblast (8)
 B - a wand of polymorph (2)
Scrolls
 o - 2 scrolls of enchant armour
 r - 2 scrolls of vulnerability
 t - 2 scrolls of noise {unknown}
 u - 2 scrolls of teleportation {unknown}
 w - 3 scrolls of identify
 y - a scroll of blinking {unknown}
 E - a scroll of brand weapon {unknown}
 F - 2 scrolls of amnesia {unknown}
 G - a scroll of magic mapping {unknown}
Potions
 e - a potion of mutation {unknown}
 f - a potion of attraction {unknown}
 i - a potion of haste {unknown}
 k - a potion of curing {unknown}
 l - a potion of lignification
 m - 2 potions of flight
 s - a potion of berserk rage {unknown}
 z - a potion of brilliance {unknown}
 H - a potion of heal wounds {unknown}


   Skills:
 + Level 4.5 Fighting
 * Level 13.6 Long Blades
 + Level 4.5 Armour
 + Level 2.3 Dodging
 + Level 5.0 Shields
 * Level 4.6 Invocations


You had 9 spell levels left.
You didn't know any spells.
Your spell library contained the following spells:

 Spells                   Type           Power      Damage    Failure   Level
 Pain                     Necr           0%         1d4       47%         1
 Sandblast                Erth           0%         2d4       47%         1
 Corpse Rot               Necr/Air       0%         N/A       63%         2
 Ensorcelled Hibernation  Hex/Ice        0%         N/A       63%         2
 Passwall                 Tmut/Erth      0%         N/A       63%         2
 Poisonous Vapours        Pois/Air       0%         N/A       63%         2
 Gell's Gravitas          Tloc           0%         N/A       85%         3
 Lesser Beckoning         Tloc           0%         N/A       85%         3
 Stone Arrow              Conj/Erth      0%         3d7       85%         3
 Teleport Other           Tloc           0%         N/A       85%         3
 Vampiric Draining        Necr           0%         2d6       85%         3
 Storm Form               Tmut/Air       0%         N/A       100%        7
 Maxwell's Capacitive Co  Air            0%         ∞         100%        8
 Animate Skeleton         Necr           Unusable   N/A       N/A         1
 Tukima's Dance           Hex            Unusable   N/A       N/A         3
 Summon Lightning Spire   Summ/Air       Unusable   N/A       N/A         4

Dungeon Overview and Level Annotations

Branches:
Dungeon (9/15)             Temple (1/1) D:5
   Lair: D:8-11         Orc: D:9-12

Altars:
Ashenzari
Cheibriados
Dithmenos
Elyvilon
Fedhas
Gozag
Hepliaklqana
Kikubaaqudgha
Nemelex Xobeh
Okawaru
Ru
Sif Muna
Trog
Uskayaw
Vehumet
Wu Jian
Xom
Yredelemnul
The Shining One

Shops:
D:4 :

Annotations:
D:9 Erolcha


Innate Abilities, Weirdness & Mutations

You cannot be hasted, slowed, berserked, paralysed or teleported.
You can dig through walls and to a lower floor.
You have a pair of large antennae on your head. (SInv)
Your four strong arms can wield two-handed weapons with a shield.


Message History

You dig through the rock wall.
Found a falchion.
You retract your mandibles.
You see here a +0 falchion.
Found a gateway leading deeper into the Abyss.
Found 53 gold pieces and a glowing chain mail.
The cyan very ugly thing kicks you. The cyan very ugly thing shocks you!!
Found a scale mail.
A large abomination comes into view.
Okay, then.
You see here 53 gold pieces.
The large abomination hits you!
You see here a +3 chain mail.
The cyan very ugly thing kicks you but does no damage.
You see here a +0 scale mail.
The cyan very ugly thing barely misses you.
A tentacled starspawn comes into view.
Tentacles burst from the starspawn's body! 2 starspawn tentacles come into view.
The cyan very ugly thing kicks you!
* * * LOW HITPOINT WARNING * * *
The cyan very ugly thing shocks you!!
* * * LOW HITPOINT WARNING * * *
Unknown command.
The starspawn tentacle grabs you. The starspawn tentacle constricts you.
You escape the starspawn tentacle's grasp.
Okay, then.
As you read the scroll of fear, it crumbles to dust.
You assume a fearsome visage.
The cyan very ugly thing looks frightened!
The tentacled starspawn is unaffected.
A tentacle flies out from the starspawn's body!
A starspawn tentacle comes into view.
Throw: 2 throwing nets
Press: ? - help, Q - select action, (/) - cycle Shift-Dir - straight line, f - tentacled starspawn
Aim: a tentacled starspawn (77% to hit, immune to nets)
You throw a throwing net.
The throwing net hits the tentacled starspawn.
The tentacled starspawn is too large for the net to hold!
The tentacled starspawn bites you!
You die...

#u≈..X≈≈.≈≈.... #
#.≈§§≈.≈≈≈.≈#. #
# ##§ ≈X≈≈.≈≈≈#
.######.§§.≈.≈..
# #..... {X §§.≈.
.#
###.###.#.§≈w≈#.#
#u# .<....#
#.####X...#
#.#..@w...#
#.#u####### #...#
#####


You could see a cyan very ugly thing (fleeing), a tentacled starspawn and 2
starspawn tentacles.

Vanquished Creatures
  A two-headed ogre (D:8)
  Pikel (D:4)
  A yak (D:8)
  A steam dragon (D:8)
  Menkaure (D:4)
  An acid dragon (D:9)
  A water moccasin (D:9)
  2 orc warriors
  2 black bears
  2 ice beasts
  A hornet zombie (D:8)
  3 ogres
  A centaur (D:4)
  3 phantoms
  4 lemures
  Blork the orc (D:4)
  5 bullfrogs
  2 gnoll sergeants
  2 scorpions
  A wyvern skeleton (D:7)
  8 wights
  7 jellies
  3 hounds
  5 orc priests
  Crazy Yiuf (D:2)
  A bullfrog skeleton (D:3)
  2 centaur skeletons (D:7)
  3 iguanas
  Ijyb (D:4)
  12 orc wizards
  A killer bee zombie (D:7)
  A howler monkey zombie (D:5)
  Robin (D:4)
  6 adders
  11 gnolls
  3 white imps
  An ufetubus (D:4)
  2 worms
  4 dart slugs
  24 orcs
  6 ball pythons
  6 endoplasms
  3 giant cockroaches
  14 goblins
  10 hobgoblins
  2 jackals (D:3)
  2 quokkas
  8 bats
  2 frilled lizards (D:2)
  14 kobolds
  6 rats
206 creatures vanquished.

Vanquished Creatures (others)
  63 fungi (D:9)
  55 plants (D:9)
  2 starspawn tentacles (Abyss:1)
120 creatures vanquished.

Grand Total: 326 creatures vanquished

Notes
Turn   | Place    | Note
-------+----------+-------------------------------------------
     0 | D:1      | browni3141 the Formicid Fighter began the quest for the
                  | Orb.
     0 | D:1      | Reached XP level 1. HP: 18/18 MP: 1/1
   259 | D:1      | Reached XP level 2. HP: 24/24 MP: 2/2
   338 | D:1      | Reached skill level 3 in Long Blades
   492 | D:1      | Reached XP level 3. HP: 13/29 MP: 3/3
  1608 | D:2      | Reached skill level 4 in Long Blades
  1608 | D:2      | Reached XP level 4. HP: 17/35 MP: 4/4
  1998 | D:2      | Found a runed translucent door.
  1999 | D:2      | Noticed Crazy Yiuf
  2463 | D:2      | Killed Crazy Yiuf
  2822 | D:3      | Reached skill level 5 in Long Blades
  2822 | D:3      | Reached XP level 5. HP: 26/41 MP: 5/5
  3389 | D:3      | Found a faded altar of an unknown god.
  3740 | D:3      | Found a hazy altar of Hepliaklqana.
  3756 | D:3      | Reached XP level 6. HP: 40/47 MP: 6/6
  3810 | D:3      | Reached skill level 6 in Long Blades
  3824 | D:4      | Noticed Menkaure
  3826 | D:4      | Noticed Ijyb
  3907 | D:4      | Noticed Pikel
  4625 | D:4      | Noticed Robin
  5171 | D:4      | Killed Robin
  5230 | D:4      | Killed Ijyb
  5434 | D:4      | Noticed Blork the orc
  5443 | D:4      | Killed Blork the orc
  5444 | D:4      | Reached skill level 7 in Long Blades
  5444 | D:4      | Reached XP level 7. HP: 37/52 MP: 7/7
  5589 | D:4      | Identified the +2 leather armour of the Original Sin {*Slow
                  | +Inv Stlth+}
  5639 | D:4      | Found a broken altar of Ashenzari.
  5645 | D:4      | Found Miecatri's Self-Improvement Boutique.
  6097 | D:4      | Killed Menkaure
  6098 | D:4      | Reached skill level 8 in Long Blades
  7128 | D:4      | Killed Pikel
  7129 | D:4      | Reached skill level 9 in Long Blades
  7129 | D:4      | Reached XP level 8. HP: 58/58 MP: 8/8
  7153 | D:5      | Entered Level 5 of the Dungeon
  7270 | D:4      | Reached skill level 10 in Long Blades
  7324 | D:5      | Found a staircase to the Ecumenical Temple.
  7325 | D:5      | You fall into a shaft and drop 2 floors!
  7486 | D:6      | Reached XP level 9. HP: 37/64 MP: 9/9
  7538 | D:6      | Reached skill level 11 in Long Blades
  8044 | Temple   | Entered the Ecumenical Temple
  8464 | D:5      | Found a sparkling altar of Nemelex Xobeh.
  8603 | D:5      | Found an iron altar of Okawaru.
  8604 | D:5      | Found an ancient bone altar of Kikubaaqudgha.
  8608 | D:5      | Became a worshipper of Warmaster Okawaru
  9094 | D:6      | Reached skill level 12 in Long Blades
 10011 | D:6      | You fall into a shaft and drop 3 floors!
 10012 | D:9      | HP: 3/64 [poisoned by an adder]
 10016 | D:9      | HP: 1/96 [poisoned by an adder]
 10584 | D:9      | Noticed a two-headed ogre
 11500 | D:6      | Reached skill level 13 in Long Blades
 11500 | D:6      | Reached XP level 10. HP: 65/70 MP: 10/10
 11506 | D:6      | Identified the +3 ring mail of Cloud Cover {Will- Int+5}
 11618 | D:7      | Reached * piety under Okawaru
 11729 | D:7      | Found an ornate altar of the Wu Jian Council.
 11944 | D:7      | Identified the +0 ring mail "Kanebong" {Rampage *Corrode
                  | Str+2 Dex+5}
 11962 | D:7      | Reached skill level 1 in Invocations
 13189 | D:8      | Reached skill level 1 in Dodging
 14045 | D:8      | Noticed a two-headed ogre
 14055 | D:8      | Killed a two-headed ogre
 14055 | D:8      | Reached ** piety under Okawaru
 15066 | D:9      | Noticed a komodo dragon
 15187 | D:9      | Reached skill level 5 in Shields
 15294 | D:9      | Noticed Erolcha
 15299 | D:9      | Cast into level 1 of the Abyss (Erolcha)
 15319 | Abyss:1  | Noticed a cyan very ugly thing
 15319 | Abyss:1  | Noticed a cyan ugly thing
 15319 | Abyss:1  | Noticed a cyan very ugly thing
 15319 | Abyss:1  | Noticed a cyan very ugly thing
 15319 | Abyss:1  | Noticed a cyan very ugly thing
 15360 | Abyss:1  | Noticed a tentacled starspawn
 15365 | Abyss:1  | HP: 2/73 [cyan very ugly thing (19)]
 15376 | Abyss:1  | Mangled by a tentacled starspawn

Illustrated notes

Levels and vault maps discovered:
D:1:      tarquinn_simple_flora_water_b, layout_basic
D:2:      wander_river, layout_basic, serial_curves, eino_curves_03,
          eino_curves_04, eino_curves_04, minmay_distorted,
          uniq_crazy_yiuf_cottage
D:3:      layout_basic, nicolae_hepliaklqana_hazy_memory,
          shapermc_ecumenical_altar_starsandcircs, minmay_stone_trees_small
D:4:      kennysheep_six_static_rooms, layout_cave_pools,
          ashenzari_conservatory_becter, nicolae_shop_self_help, uniq_robin,
          uniq_ijyb, uniq_menkaure, uniq_blork_the_orc, uniq_pikel
D:5:      layout_cave_pools, old_standard_altar, nicolae_overflow_squiral,
          minmay_temple_entry_trees
D:6:      layout_basic, grunt_tough_drop
D:7:      layout_layer_cave, mainiacjoe_overflow_surrounded_room
D:8:      layout_basic
D:9:      layout_rooms, mainiacjoe_overflow_boulevard,
          due_lair_maze_entry_diamond, uniq_erolcha
Temple:   oiseaux_autumnal_temple
Abyss:1:  base:
D:3

Skill      XL: |  1  2  3  4  5  6  7  8  9 10 |
---------------+-------------------------------+-----
Long Blades    | 3 4 5 7 9 10 13 | 13.6
Invocations    | 4 |  4.6
Dodging        | 2 |  2.3
Shields        | 5 |  5.0
Fighting       | 4 |  4.5
Armour         | 4 |  4.5

Action                   |  1- 3 |  4- 6 |  7- 9 | 10-12 || total
-------------------------+-------+-------+-------+-------++-------
Melee: Long sword        |   128 |   210 |   311 |   212 ||   861
Throw: Dart              |       |       |     6 |     3 ||     9
       Throwing net      |       |       |       |     2 ||     2
Invok: Heroism           |       |       |       |     4 ||     4
 Abil: Dig               |     2 |     5 |    10 |    10 ||    27
       Shaft Self        |       |       |     1 |       ||     1
Evoke: Wand              |       |       |     6 |       ||     6
  Use: Potion            |       |     1 |     4 |       ||     5
       Scroll            |       |       |       |     4 ||     4
 Stab: Held in net/web   |       |       |       |     3 ||     3
Armor: Scale mail        |    50 |    92 |    78 |       ||   220
       Acid dragon scale |       |       |     5 |    24 ||    29
       Skin              |       |       |     3 |       ||     3
Dodge: Dodged            |    50 |    85 |   134 |    74 ||   343
Block: Buckler           |    25 |    45 |    48 |    25 ||   143

Table legend: (Time is in decaauts)
 A = Elapsed time spent in this place.
 B = Non-inter-level travel time spent in this place.
 C = Inter-level travel time spent in this place.
 D = Time resting spent in this place.
 E = Time spent auto-exploring this place.
 F = Levels seen in this place.
 G = Mean time per level.
                   A        B        C        D        E       F      G
               +--------+--------+--------+--------+--------+-----+--------+
         Total |  15392 |  14749 |    643 |   4722 |   7237 |  11 | 1399.3 |
       Dungeon |  14969 |  14351 |    618 |   4722 |   6950 |   9 | 1663.2 |
        Temple |    345 |    320 |     25 |      0 |    286 |   1 |  345.0 |
         Abyss |     76 |     76 |      0 |      0 |      0 |   1 |   76.0 |
               +--------+--------+--------+--------+--------+-----+--------+

Top non-repeatable levels by time:
     D:3: 3058 daAuts
     D:7: 2440 daAuts
     D:2: 2018 daAuts
     D:6: 1821 daAuts
     D:8: 1528 daAuts
     D:4: 1399 daAuts
     D:9: 1050 daAuts
     D:1: 922 daAuts
     D:5: 729 daAuts
  Temple: 345 daAuts
 Abyss:1: 76 daAuts
